 Dungeon Crawl Stone Soup version 0.30.1-4-g462c640d31 (webtiles) character file.

Game seed: 2230641944543502172

54 Logoto the Firebug (level 3, -5/27 HPs)
             Began as a Draconian Fire Elementalist on Aug 17, 2023.
             Slain by Terence
             ... wielding a +0 morningstar
              (10 damage)
             ... on level 2 of the Dungeon.
             The game lasted 00:05:41 (1947 turns).

Logoto the Firebug (Draconian Fire Elementalist)    Turns: 1947, Time: 00:05:41

Health: -5/27      AC:  5    Str: 12    XL:     3   Next: 66%
Magic:  0/7        EV: 12    Int: 15    God:
Gold:   128        SH:  0    Dex: 11    Spells: 4/7 levels left

rFire   . . .        n - +0 hand axe
rCold   . . .        (no shield)
rNeg    . . .        (body armour unavailable)
rPois   .            (helmet restricted)
rElec   .            (no cloak)
rCorr   .            (no gloves)
SInv    .            (no boots)
Will    .....        (no amulet)
Stlth   ++           (no ring)
HPRegen 0.24/turn    (no ring)
MPRegen 0.10/turn

%: no passive effects
@: no status effects
A: AC +5, unfitting armour, cold-blooded
a: no special abilities


You were on level 2 of the Dungeon.
You visited 1 branch of the dungeon, and saw 2 of its levels.

You collected 128 gold pieces.

Inventory:

Hand Weapons
 c - a +0 mace
 n - a +0 hand axe (weapon)
Jewellery
 i - a +6 ring of strength
Scrolls
 d - a scroll of torment {unknown}
 f - 2 scrolls of fear {unknown}
 h - 2 scrolls of blinking {unknown}
 l - a scroll of identify {unknown}
 o - a scroll of fog {unknown}
 p - a scroll of enchant weapon {unknown}
 q - a scroll of amnesia {unknown}
 r - a scroll of teleportation {unknown}
 s - a scroll of immolation {unknown}
Potions
 a - a potion of magic
 b - a potion of attraction {unknown}
 e - a potion of haste {unknown}
 g - a potion of lignification {unknown}
 j - 3 potions of curing {unknown}
 k - a potion of ambrosia {unknown}
 m - 2 potions of cancellation {unknown}


   Skills:
 + Level 0.3 Fighting
 + Level 0.2 Maces & Flails
 + Level 1.9 Dodging
 + Level 2.0 Stealth
 + Level 2.7 Spellcasting
 + Level 1.4 Conjurations
 + Level 3.6 Fire Magic


You had 4 spell levels left.
You knew the following spells:

 Your Spells              Type           Power      Damage    Failure   Level
a - Foxfire               Conj/Fire      36%        2x1d5     7%          1
b - Scorch                Fire           26%        2d6       7%          2

Your spell library contained the following spells:

 Spells                   Type           Power      Damage    Failure   Level
 Inner Flame              Hex/Fire       7%         N/A       28%         3
 Volatile Blastmotes      Fire/Tloc      14%        2d11      28%         3
 Flame Wave               Conj/Fire      9%         2d6       56%         4


Dungeon Overview and Level Annotations

Branches:
Dungeon (2/15)

Altars:

Annotations:
D:2 Terence


Innate Abilities, Weirdness & Mutations

Your plain brown scales are hard. (AC +5)
You cannot fit into any form of body armour.
You are cold-blooded and may be slowed by cold attacks.


Message History

Terence is no longer more vulnerable to fire.
Terence hits you with a +0 morningstar!
* * * LOW HITPOINT WARNING * * *
You hit Terence but do no damage.
Terence is moderately wounded.
Terence barely misses you.
You closely miss Terence.
Terence is moderately wounded.
Terence misses you. Terence attacks as you move away!
Terence hits you but does no damage. Terence attacks as you move away!
Terence closely misses you.
Found a white potion.
Terence attacks as you move away! Terence hits you with a +0 morningstar.
* * * LOW HITPOINT WARNING * * *
Terence attacks as you move away! Terence hits you but does no damage.
A frilled lizard comes into view.
The frilled lizard moves out of view.
Terence asks, "Do you want it fast or slow?"
Casting: Scorch (safe; 7% risk of failure)
Confirm with . or Enter, or press ? or * to list all spells.
Flames lash Terence.
Terence is heavily wounded.
Terence's fire resistance burns away.
You hear an angry hiss.
Terence hits you with a +0 morningstar!
* * * LOW HITPOINT WARNING * * *
Terence is no longer more vulnerable to fire.
Terence attacks as you move away! Terence closely misses you.
Terence says, "How do you enjoy it?" Terence attacks as you move away!
Terence barely misses you.
You see here a +0 mace.
Things that are here:
a +0 dagger; a hobgoblin skeleton
Casting: Scorch (safe; 7% risk of failure)
Confirm with . or Enter, or press ? or * to list all spells.
Flames lash Terence but do no damage.
The frilled lizard hisses angrily.
Terence closely misses you. Terence attacks as you move away!
Terence hits you with a +0 morningstar!
You die...

#.# #.#.#######.).###.
#####.# #.#.# ###.....##.
.....†##########.#.#
#......l...
#####..........#.#.#
#.#.....##. #.########.#.#.#
#.##...###. #.#
#.#.#.####.###.## #. #.#
#.#.#.#......#.# #.
#.########.#.....l....#.# #.
#..>.......<@@........#.# #.
#############....###..#.####.
####.# #..#...... #.#
#......... #.# ##.#######
#.####.# #......# ########


You could see Terence and a frilled lizard.

Vanquished Creatures
  2 adders (D:1)
  A worm (D:1)
  A dart slug (D:2)
  An endoplasm (D:2)
  A giant cockroach (D:1)
  3 goblins
  3 hobgoblins
  2 jackals (D:2)
  A quokka (D:1)
  A ball python (D:1)
  3 bats
  5 frilled lizards
  4 kobolds
  5 rats
33 creatures vanquished.

Vanquished Creatures (others)
  59 foxfires
59 creatures vanquished.

Grand Total: 92 creatures vanquished

Notes
Turn   | Place    | Note
-------+----------+-------------------------------------------
     0 | D:1      | Logoto the Draconian Fire Elementalist began the quest for
                  | the Orb.
     0 | D:1      | Reached XP level 1. HP: 14/14 MP: 3/3
   192 | D:1      | Found a faded altar of an unknown god.
   651 | D:1      | Reached XP level 2. HP: 20/20 MP: 3/5
   689 | D:1      | Learned a level 2 spell: Scorch
  1500 | D:2      | Reached XP level 3. HP: 26/26 MP: 3/6
  1884 | D:2      | Noticed Terence
  1930 | D:2      | HP: 1/27 [Terence/+0 morningstar (9)]
  1947 | D:2      | Slain by Terence

Illustrated notes

Levels and vault maps discovered:
D:1:      matt_arrival_spirals, layout_loops_ring,
          shapermc_ecumenical_altar_starsandcircs
D:2:      layout_loops_ring, uniq_terence

Skill      XL: |  1  2  3 |
---------------+----------+-----
Stealth        | 2 |  2.0
Fighting       | |  0.3
Maces & Flails | |  0.2
Dodging        | |  1.9
Spellcasting   | |  2.7
Conjurations   | |  1.4
Fire Magic     | |  3.6

Action                     || total
---------------------------++-------
  Melee: Unarmed           ||     8
         Mace              ||    12
         Tailslap          ||     2
         Hand axe          ||    15
   Cast: Foxfire           ||    46
         Scorch            ||    14
   Stab: Sleeping          ||     1
 Armour: Skin              ||    32
  Dodge: Dodged            ||    70
